Map: Selva profunda EE

Players

TATORREA - Winner!

  • Race: Protoss Protoss
  • League: Gold
  • Spawn Location: 3:00

MrFercho - Winner!

  • Race: Zerg Zerg
  • League: Silver
  • Spawn Location: 1:00

tigro - Winner!

  • Race: Terran Terran
  • League: Bronze
  • Spawn Location: 1:00

Charlesnaipe

  • Race: Terran Terran
  • League: Silver
  • Spawn Location: 7:00

BaeBengi

  • Race: Protoss Protoss
  • League: Gold
  • Spawn Location: 7:00

ArielMarin

  • Race: Terran Terran
  • Spawn Location: 7:00

VOD

Have the link to the VOD?

Description

Time

  • Played on: July 1, 2020, 9:57 p.m.
  • Length: 14:39
Show
View Real Time Build Order
Export as new Build Order

TATORREA Protoss - Winner!

Build Orders: Carriers 

Get SALT Encoding   

  12  0:02  Probe  
  14  0:14  Probe  
  14  0:25  Pylon  
  14  0:26  Probe  
  15  0:43  Probe  
  15  0:45  Gateway  
  16  0:54  Probe  
  17  1:00  Assimilator  
  17  1:02  Probe  
  17  1:03  Pylon  
  17  1:10  Probe  
  19  1:21  Probe  
  20  1:33  Cybernetics Core  
  20  1:34  Probe  
  21  1:50  Nexus  
  21  1:57  Pylon  
  21  1:58  Probe  
  21  2:05  Assimilator  
  21  2:10  Probe  
  22  2:20  Robotics Facility  
  23  2:22  Probe  
  23  2:36  Probe  
  24  2:45  Warp Gate  
  24  2:46  Stalker  
  26  2:57  Probe  
  27  3:02  Probe  
  28  3:12  Probe  
  29  3:14  Gateway  
  29  3:15  Pylon, Probe  
  29  3:16  Gateway  
  30  3:24  Probe  
  30  3:26  Observer  
  33  3:27  Probe  
  33  3:29  Sentry  
  35  3:42  Probe  
  35  3:43  Probe  
  35  3:47  Immortal  
  41  3:49  Assimilator  
  41  3:52  Assimilator  
  41  4:04  Probe x2  
  43  4:15  Nexus  
  43  4:19  Pylon  
  43  4:21  Probe x2  
  43  4:22  Pylon  
  45  4:31  Immortal  
  49  4:33  Probe  
  49  4:34  Probe  
  52  4:45  Probe  
  52  4:46  Probe  
  53  4:57  Probe  
  53  4:58  Probe  
  55  5:02  Gateway  
  55  5:05  Forge  
  55  5:07  Gateway  
  55  5:09  Probe  
  55  5:10  Probe  
  57  5:16  Pylon  
  57  5:19  Pylon  
  57  5:22  Pylon, Probe  
  57  5:23  Probe  
  59  5:29  Probe  
  61  5:35  Probe x2  
  61  5:41  Probe  
  63  5:46  Immortal  
  63  5:47  Probe  
  63  5:48  Probe  
  63  5:49  Protoss Ground Weapons Level 1  
  69  5:53  Probe  
  70  5:59  Probe  
  70  6:00  Probe  
  70  6:02  Pylon  
  72  6:05  Pylon, Probe  
  73  6:12  Probe x2  
  73  6:14  Stargate x2  
  73  6:17  Stargate  
  76  6:18  Probe  
  76  6:24  Probe x2  
  78  6:26  Stalker  
  78  6:27  Sentry  
  78  6:28  Sentry  
  78  6:29  Sentry  
  78  6:30  Probe  
  87  6:36  Probe x2  
  87  6:38  Immortal  
  93  6:43  Probe  
  94  6:57  Probe  
  94  6:58  Probe x2  
  97  7:04  Assimilator  
  97  7:05  Assimilator  
  97  7:09  Probe  
  97  7:10  Nexus  
  97  7:13  Pylon  
  98  7:16  Pylon  
  98  7:20  Probe x2  
  98  7:22  Probe  
  101  7:35  Probe x3  
  104  7:39  Stalker x2  
  104  7:40  Stalker x2  
  112  7:58  Fleet Beacon  
  112  8:03  Photon Cannon  
  112  8:07  Photon Cannon  
  112  8:09  Photon Cannon  
  112  8:10  Probe x3  
  112  8:11  Photon Cannon  
  112  8:12  Photon Cannon  
  115  8:14  Shield Battery  
  115  8:15  Immortal  
  115  8:16  Shield Battery  
  119  8:20  Shield Battery  
  119  8:35  Pylon  
  119  8:38  Pylon  
  119  8:41  Pylon  
  119  8:43  Tempest, Carrier x2  
  119  8:45  Pylon  
  136  8:49  Pylon  
  136  9:00  Pylon  
  136  9:04  Stalker x4, Pylon  
  144  9:18  Protoss Air Weapons Level 1  
  144  9:25  Tempest  
  140  9:47  Carrier x2  
  150  10:09  Carrier  
  128  10:35  Stalker x3  
  122  10:36  Stalker  
  126  10:51  Tempest  
  126  10:52  Carrier  
  137  11:06  Protoss Ground Armor Level 1  
  137  11:12  Tempest  
  137  11:13  Twilight Council  
  137  11:15  Forge  
  142  11:18  Forge  
  142  11:22  Stalker x2  
  142  11:23  Stalker x2  
  150  11:26  Protoss Air Weapons Level 2, Nexus  
  150  11:30  Pylon  
  150  11:33  Pylon  
  150  11:34  Carrier  
  156  11:55  Tempest  
  156  11:56  Carrier  
  130  12:38  Tempest  
  141  12:44  Carrier  
  135  13:00  Tempest  
  140  13:21  Carrier  
  146  13:43  Tempest  
Show
View Real Time Build Order
Export as new Build Order

MrFercho Zerg - Winner!

Build Orders: Pool First 

Get SALT Encoding   

  12  0:01  Drone  
  13  0:17  Overlord  
  13  0:31  Spawning Pool  
  12  0:36  Drone  
  12  0:37  Extractor  
  12  0:42  Drone  
  13  0:46  Drone  
  14  0:51  Drone  
  15  0:58  Drone  
  16  1:10  Drone  
  17  1:22  Zergling x2  
  17  1:24  Queen  
  20  1:30  Drone  
  21  1:42  Zergling x2  
  21  1:43  Metabolic Boost  
  22  2:01  Overlord  
  22  2:17  Overlord  
  22  2:19  Drone  
  23  2:28  Drone  
  24  2:33  Extractor  
  23  2:37  Lair  
  23  2:38  Hatchery, Drone  
  23  2:43  Zergling x4  
  25  2:47  Drone  
  25  2:50  Drone  
  27  3:02  Drone  
  28  3:14  Drone  
  28  3:18  Drone x3  
  32  3:28  Overlord  
  32  3:36  Overseer  
  32  3:41  Overlord  
  32  3:55  Zergling x8, Hatchery  
  35  4:30  Pneumatized Carapace  
  35  4:33  Drone x6  
  41  4:42  Queen  
  43  4:52  Nydus Network  
  42  4:58  Evolution Chamber  
  41  5:02  Spire  
  41  5:04  Zergling x8  
  44  5:10  Evolution Chamber  
  44  5:13  Drone  
  44  5:14  Drone x2  
  46  5:42  Zerg Melee Weapons Level 1, Zerg Ground Armor Level 1  
  46  5:48  Hydralisk Den  
  45  6:01  Spore Crawler, Infestation Pit  
  45  6:02  Drone x4  
  47  6:04  Drone x5  
  47  6:09  Extractor  
  51  6:12  Extractor  
  50  6:26  Overlord x4  
  50  6:30  Grooved Spines  
  50  6:47  Lurker Den  
  49  6:54  Drone x4  
  49  6:55  Drone x4  
  49  6:59  Hydralisk  
  59  7:23  Zerg Flyer Weapons Level 1  
  59  7:26  Hydralisk x4  
  67  7:42  Muscular Augments  
  67  7:51  Hive  
  67  7:54  Lurker x2  
  69  7:58  Hydralisk  
  69  8:02  Zergling x24  
  83  8:10  Drone x2  
  83  8:11  Drone x2  
  87  8:25  Hydralisk  
  89  8:27  Overlord  
  89  8:28  Overlord x2  
  89  8:49  Hatchery  
  88  8:56  Drone x10  
  98  9:24  Nydus Canal  
  98  9:27  Extractor  
  98  9:28  Extractor  
  98  9:30  Hydralisk x8  
  112  10:02  Seismic Spines  
  112  10:05  Zerg Ground Armor Level 2, Zerg Melee Weapons Level 2  
  96  10:18  Hydralisk x3  
  96  10:19  Hydralisk  
  83  10:44  Zergling x22  
  83  10:45  Zergling x24  
  83  10:46  Zergling x2  
  107  10:59  Adaptive Talons  
  107  11:02  Queen  
  107  11:04  Overlord x4  
  89  12:03  Mutalisk x13  
  115  12:10  Drone x5  
  120  12:21  Zerg Missile Weapons Level 1  
  120  12:24  Hydralisk  
  120  12:25  Hydralisk x5  
  130  12:54  Nydus Canal  
  129  13:01  Hydralisk x9  
  137  13:26  Hydralisk x2  
  137  13:27  Hydralisk  
  137  13:57  Hydralisk x7  
  137  14:00  Overlord x3  
  137  14:01  Overlord x8  
Show
View Real Time Build Order
Export as new Build Order

tigro Terran - Winner!

Build Orders:  

Get SALT Encoding   

  12  0:02  SCV  
  13  0:14  SCV  
  14  0:28  SCV  
  15  0:29  Supply Depot  
  15  0:38  Refinery  
  15  0:51  SCV  
  16  1:04  Barracks, Refinery  
  16  1:05  SCV  
  17  1:17  SCV  
  18  1:29  SCV  
  19  1:33  Supply Depot  
  19  1:41  SCV  
  20  1:53  SCV  
  21  1:55  Marine  
  22  2:05  SCV  
  23  2:08  Barracks  
  23  2:13  Marine  
  24  2:17  SCV  
  25  2:23  Engineering Bay  
  25  2:30  Orbital Command  
  25  2:31  Marine  
  26  2:48  Marine  
  27  2:57  Factory  
  27  2:58  Barracks Reactor  
  27  3:06  Marine  
  28  3:17  Terran Infantry Weapons Level 1  
  28  3:25  Barracks Tech Lab  
  28  3:41  Marine  
  28  3:42  Marine  
  30  3:59  Marine x2  
  32  4:17  Marine x2  
  32  4:22  Combat Shield  
  34  4:28  Factory Tech Lab  
  34  4:35  Marine x2  
  36  4:39  Starport  
  36  4:48  Siege Tank  
  39  4:57  Marine x3  
  42  5:10  Armory  
  42  5:11  Terran Infantry Armor Level 1  
  42  5:14  Marine  
  42  5:15  Marine x2  
  45  5:32  Marine x2  
  47  5:39  Starport Tech Lab  
  47  5:40  Starport  
  47  5:41  Stimpack  
  47  6:12  Fusion Core  
  47  6:16  Command Center  
  47  6:44  Starport Tech Lab  
  47  6:53  Terran Vehicle Weapons Level 1  
  47  7:11  Supply Depot  
  47  7:23  Refinery  
  47  7:27  Medivac, Marine, Siege Tank  
  53  7:30  Refinery  
  53  7:32  SCV  
  53  7:34  Supply Depot  
  54  7:38  Terran Infantry Weapons Level 2  
  54  7:44  SCV  
  55  7:56  SCV  
  56  8:08  SCV  
  57  8:20  SCV  
  57  8:25  Medivac  
  60  8:32  SCV  
  61  8:44  SCV  
  61  8:47  Terran Vehicle And Ship Armor Level 1  
  62  8:56  SCV  
  63  9:11  Marine x3  
  66  9:28  Marine  
  66  9:29  Marine x2, Missile Turret  
  63  9:46  Marine  
  63  9:47  Marine x2  
  63  9:52  Missile Turret  
  66  9:54  Terran Infantry Armor Level 2  
  66  10:04  Marine x3  
  69  10:14  Missile Turret  
  69  10:22  Marine x3  
  72  10:34  Missile Turret  
  56  10:40  Marine x3  
  56  10:41  Terran Vehicle Weapons Level 2  
  55  10:46  Medivac  
  55  10:47  Medivac  
  59  10:57  Missile Turret  
  59  10:58  Marine x3  
  62  11:07  SCV  
  63  11:15  Marine  
  63  11:16  Medivac, Marine x2  
  68  11:19  SCV  
  68  11:20  Missile Turret  
  69  11:29  Battlecruiser  
  69  11:31  SCV  
  76  11:33  Marine x3  
  79  11:43  SCV  
  80  11:51  Marine x3  
  83  11:55  SCV  
  79  12:09  Marine  
  79  12:10  Neosteel Armor  
  65  12:56  Marine x3  
  57  13:14  Marine x3  
  60  13:32  Marine x3  
  63  13:36  Medivac  
  71  13:49  Marine  
  71  13:50  Marine x2  
  74  14:07  Marine x3  
Show
View Real Time Build Order
Export as new Build Order

Charlesnaipe Terran 

Build Orders: 2 Factory 

Get SALT Encoding   

  12  0:29  Supply Depot  
  12  0:37  SCV  
  13  0:49  SCV  
  14  0:56  Barracks  
  14  1:02  SCV  
  15  1:10  Supply Depot  
  15  1:13  Refinery  
  15  1:14  SCV  
  15  1:16  Refinery  
  16  1:26  SCV  
  17  1:33  Barracks  
  17  1:38  SCV  
  18  2:41  SCV  
  18  2:42  Factory  
  19  2:52  Factory  
  19  2:53  SCV  
  20  3:04  Engineering Bay  
  20  3:05  SCV  
  21  3:13  Marine x2  
  23  3:29  Factory Tech Lab  
  23  3:39  Armory  
  23  3:52  Factory  
  23  3:54  SCV  
  24  4:08  Factory Tech Lab  
  24  4:15  Orbital Command  
  24  4:52  Command Center  
  24  4:55  Refinery  
  24  4:59  Refinery  
  24  5:00  Factory Tech Lab  
  24  5:08  Thor  
  30  5:18  SCV  
  31  5:45  Supply Depot x2  
  31  5:47  Supply Depot  
  31  6:01  Terran Vehicle Weapons Level 1  
  31  6:03  Thor  
  31  6:04  SCV  
  38  6:15  Armory  
  38  6:16  SCV  
  39  6:21  SCV  
  40  6:28  SCV  
  41  6:33  SCV  
  42  6:45  Factory, SCV  
  43  6:57  Supply Depot, SCV  
  44  7:04  Thor  
  50  7:16  Barracks Reactor  
  50  7:25  Barracks Reactor  
  50  7:29  Terran Vehicle And Ship Armor Level 1  
  50  7:35  Factory  
  50  7:50  Factory  
  50  8:11  Factory Tech Lab  
  50  8:16  Thor  
  56  8:20  SCV  
  56  8:21  Factory  
  57  8:32  SCV  
  58  8:40  SCV  
  59  8:44  SCV  
  60  8:52  SCV  
  61  8:56  SCV  
  61  9:00  Factory Tech Lab  
  61  9:02  Armory  
  62  9:04  SCV  
  62  9:05  Factory Tech Lab  
  62  9:06  Factory  
  62  9:08  Factory Tech Lab, SCV  
  64  9:19  Supply Depot  
  64  9:20  SCV  
  65  9:35  Thor  
  65  9:36  Thor  
  77  9:41  Thor  
  77  9:42  Supply Depot  
  81  10:17  Thor  
  81  10:18  Thor  
  92  10:47  Factory Tech Lab  
  92  11:00  SCV  
  93  11:12  SCV  
  93  11:13  Terran Vehicle Weapons Level 2  
  93  11:15  Terran Ship Weapons Level 1  
  94  11:31  Thor, SCV  
  101  11:33  Thor  
  101  11:35  Supply Depot  
  107  11:43  SCV  
  107  11:44  Supply Depot  
  108  11:47  Supply Depot  
  108  11:55  SCV  
  109  12:02  Supply Depot  
  109  12:07  Supply Depot  
  85  12:23  Thor  
  85  12:26  Thor  
  85  12:30  Supply Depot  
  67  13:07  Thor, Hellbat  
  67  13:08  Thor  
  67  13:09  Thor  
  69  13:50  Command Center  
  43  14:15  Marine x3  
  43  14:16  Marine  
Show
View Real Time Build Order
Export as new Build Order

BaeBengi Protoss 

Build Orders: Carriers 

Get SALT Encoding   

  12  0:10  Pylon, Probe  
  13  0:18  Probe  
  14  0:38  Probe  
  15  0:50  Probe  
  15  0:52  Forge  
  16  0:57  Assimilator  
  16  1:02  Probe  
  17  1:04  Assimilator  
  17  1:14  Probe  
  18  2:04  Pylon  
  18  2:09  Pylon  
  18  2:17  Probe  
  19  2:25  Probe  
  20  2:34  Probe  
  21  2:37  Photon Cannon  
  21  2:40  Photon Cannon  
  21  2:42  Photon Cannon  
  21  2:46  Probe  
  21  2:47  Photon Cannon  
  22  2:59  Gateway, Probe  
  23  3:22  Photon Cannon  
  23  3:27  Photon Cannon  
  23  3:44  Photon Cannon  
  23  3:47  Photon Cannon  
  23  3:49  Photon Cannon  
  23  3:54  Photon Cannon  
  23  4:00  Nexus  
  23  4:02  Assimilator  
  23  4:06  Assimilator  
  23  4:36  Pylon  
  23  4:42  Pylon  
  23  4:51  Cybernetics Core  
  23  4:58  Probe  
  23  5:06  Probe  
  24  5:12  Photon Cannon x2  
  25  5:16  Probe  
  25  5:19  Photon Cannon  
  26  5:22  Photon Cannon  
  26  5:28  Probe  
  27  5:36  Photon Cannon  
  27  5:40  Probe  
  28  5:43  Photon Cannon  
  28  5:49  Probe  
  29  5:58  Probe  
  30  6:07  Probe  
  31  6:17  Photon Cannon  
  31  6:19  Probe  
  31  6:20  Assimilator  
  32  6:27  Nexus  
  32  6:32  Assimilator  
  32  6:39  Probe  
  33  6:51  Probe  
  34  7:03  Probe  
  35  7:10  Photon Cannon  
  35  7:11  Photon Cannon  
  35  7:15  Probe  
  36  7:31  Probe  
  37  7:43  Probe  
  38  7:55  Probe  
  39  8:02  Probe  
  40  8:08  Probe  
  40  8:12  Pylon  
  41  8:14  Probe  
  41  8:16  Pylon  
  42  8:20  Probe  
  42  8:26  Probe  
  44  8:31  Pylon  
  44  8:32  Probe  
  45  8:34  Pylon x2  
  45  8:35  Pylon  
  45  8:36  Pylon  
  45  8:38  Pylon, Probe  
  45  8:39  Pylon x2  
  46  8:42  Pylon  
  46  8:44  Pylon  
  46  8:47  Pylon  
  46  8:50  Probe  
  47  9:02  Probe  
  48  9:10  Photon Cannon  
  48  9:11  Photon Cannon  
  48  9:14  Probe  
  49  9:19  Photon Cannon x2  
  49  9:20  Photon Cannon  
  49  9:22  Photon Cannon  
  49  9:23  Photon Cannon  
  49  9:24  Photon Cannon  
  48  9:49  Probe  
  31  10:01  Probe  
  31  10:05  Stargate  
  31  10:06  Stargate  
  32  10:07  Stargate  
  32  10:08  Stargate  
  32  10:09  Stargate  
  32  10:12  Stargate  
  32  10:13  Probe  
  33  10:16  Stargate  
  32  10:25  Probe  
  33  10:49  Robotics Facility  
  33  10:51  Fleet Beacon  
  33  11:13  Protoss Shields Level 1  
  33  11:16  Cybernetics Core  
  33  11:25  Twilight Council  
  33  11:31  Protoss Air Weapons Level 1  
  26  12:11  Carrier x2  
  26  12:12  Carrier x3  
  45  12:21  Carrier x2  
  57  12:51  Observer  
Show
View Real Time Build Order
Export as new Build Order

ArielMarin Terran 

Build Orders:  

Get SALT Encoding   

  12  0:02  SCV  
  13  0:14  SCV  
  14  0:21  Supply Depot  
  14  0:36  SCV  
  14  0:41  Supply Depot  
  15  0:48  SCV  
  16  0:53  Barracks  
  16  1:01  SCV  
  17  1:13  SCV  
  17  1:14  Supply Depot  
  18  1:24  Refinery  
  18  1:26  SCV  
  19  1:38  SCV  
  20  1:42  Supply Depot  
  20  1:50  SCV  
  21  2:02  SCV  
  22  2:09  Barracks  
  22  2:14  SCV  
  23  2:26  SCV  
  23  2:28  Supply Depot  
  23  2:29  Marine  
  25  2:38  SCV  
  26  2:47  Marine  
  26  2:50  SCV  
  28  2:51  Factory  
  28  3:02  SCV  
  28  3:04  Marine  
  30  3:06  Marine  
  31  3:14  SCV  
  32  3:22  Marine  
  32  3:24  Marine  
  32  3:27  SCV  
  35  3:32  Ghost Academy  
  35  3:39  SCV  
  35  3:40  Marine  
  37  3:42  Marine  
  38  3:49  Engineering Bay  
  38  3:51  SCV  
  39  3:58  Marine  
  39  3:59  Marine  
  39  4:01  Factory Tech Lab  
  41  4:05  Nuke  
  41  4:16  Command Center, Marine  
  42  4:17  Marine  
  43  4:34  Marine, Refinery  
  43  4:35  Marine  
  43  4:36  SCV  
  46  4:48  SCV  
  47  4:53  Marine  
  47  4:56  Marine  
  49  5:00  SCV  
  50  5:11  Marine  
  50  5:12  SCV  
  50  5:13  Starport, Marine  
  53  5:18  Bunker  
  53  5:24  SCV  
  54  5:29  Marine  
  54  5:31  Marine  
  56  5:37  Barracks, SCV  
  58  5:46  Marine  
  58  5:49  Marine, Planetary Fortress, SCV  
  60  6:01  Siege Tank, SCV  
  64  6:04  Marine  
  64  6:07  Marine  
  64  6:08  Missile Turret  
  66  6:15  Medivac  
  68  6:20  Missile Turret  
  68  6:22  Marine  
  69  6:32  Refinery  
  69  6:35  Refinery  
  69  6:40  Marine, Missile Turret  
  70  6:52  Supply Depot  
  70  7:00  Bunker  
  70  7:04  Supply Depot  
  70  7:14  Marine x2, SCV  
  73  7:21  Siege Tank  
  76  7:23  Viking  
  76  7:26  SCV  
  76  7:29  Starport  
  79  7:31  Marine x2  
  81  7:38  SCV  
  81  7:40  Bunker  
  82  7:48  Missile Turret  
  82  7:49  Marine x2  
  84  7:53  Viking  
  86  8:13  Supply Depot  
  86  8:23  Missile Turret  
  86  8:30  Supply Depot  
  86  8:35  Viking, Marine x2, Siege Tank  
  86  8:37  Missile Turret  
  93  8:51  Viking  
  95  9:03  Supply Depot  
  95  9:05  Viking  
  97  9:21  Viking  
  98  9:51  Viking  
  83  10:07  Marine  
  81  10:25  Marine  
  64  10:39  SCV  
  65  10:43  Marine  
  65  10:44  Marine, Reaper  
  68  10:51  SCV  
  69  10:58  Command Center  
  69  11:01  Marine  
  69  11:02  Marine  
  69  11:04  SCV  
  72  11:16  Marine, SCV  
  74  11:19  Marine  
  74  11:20  Marine  
  76  11:33  Marine  
  76  11:38  Marine  
  78  11:41  Bunker  
  78  11:45  Marine  
  79  12:09  Supply Depot  
  79  12:10  Marine x3  
  80  12:27  Marine x3  
  74  12:45  Marine x3  
  59  13:03  Marine x2  
  47  13:09  Viking x2  
  42  13:19  Missile Turret  
  12  13:39  Viking x2  
  7  14:07  Marine  
  7  14:08  Marine  
  13  14:12  Command Center  
Tags
 
Add a new tag
Caveats
  • Supply blocks, unpowered buildings, or Contaminate may cause inaccurate times.
  • Supply counts are checked every 10 seconds.